AoeStats
← [KMNB] Bandeira

African Clearing

506288604Analyzed
3v3 RM · 20d ago on Sep 13, 2026· 47m 25s· 6 players
Game mode
Random Map
Map size
Normal (6 player)
Population
200
Speed
Normal
Resources
Standard
Victory
Conquest
Starting age
Dark Age
Ending age
Imperial Age
RankedLock teamsTeams togetherTeam positionsShared explorationLock speedFull tech treeHidden civsTurbo modeCheats
Victory
Defeat
🇧🇷 Huns · Brazil
1594
+12
🇧🇷 Hindustanis · Brazil
1575
+13
🇧🇷 Wei · Brazil
1496
+16
1540
-15
🇦🇷 Berbers · Argentina
1528
-15
🇨🇴 Magyars · Colombia
1443
-11
AiM | Alexander the conqueror
12:45 Feudal Age
11:01 Loom
13:15 Double-Bit Axe
14:16 Scale Mail Armor
21:12 Horse Collar
30:57 Castle Age
29:34 Forging
30:56 Fletching
32:24 Chain Mail Armor
39:13 Squires
40:17 Arson
43:42 Town Watch
47:30 Bow Saw
Cleryus
8:26 Loom
12:38 Feudal Age
13:17 Double-Bit Axe
26:58 Castle Age
25:21 Horse Collar
26:25 Bloodlines
27:46 Fletching
29:54 Bodkin Arrow
31:05 Padded Archer Armor
36:47 Husbandry
36:53 Scale Barding Armor
38:55 Town Watch
48:15 Wheelbarrow
Ronin Charles
12:40 Feudal Age
13:57 Town Watch
13:58 Loom
14:01 Town Watch
17:15 Castle Age
15:49 Fletching
16:50 Double-Bit Axe
18:22 Bow Saw
21:01 Bodkin Arrow
22:17 Horse Collar
28:45 Padded Archer Armor
29:38 Husbandry
30:55 Leather Archer Armor
35:50 Ballistics
39:39 Imperial Age
38:22 Wheelbarrow
38:00 Kasbah
40:22 Bracer
41:36 Chemistry
41:31 Conscription
41:15 Maghrebi Camels
42:34 Bloodlines
42:35 Heavy Plow
43:25 Ring Archer Armor
43:59 Elite Camel Archer
[KMNB] Bandeira
3:09 Loom
12:29 Feudal Age
13:38 Double-Bit Axe
18:45 Forging
18:40 Scale Barding Armor
24:28 Castle Age
22:49 Horse Collar
23:55 Gold Mining
25:15 Bloodlines
25:57 Iron Casting
25:41 Husbandry
27:14 Chain Barding Armor
43:16 Wheelbarrow
42:59 Bow Saw
42:55 Heavy Plow
44:41 Stone Mining
49:18 Imperial Age
Fs.Khronos
4:43 Loom
12:17 Feudal Age
12:54 Double-Bit Axe
16:08 Fletching
19:57 Castle Age
21:22 Bodkin Arrow
26:56 Horse Collar
30:40 Heavy Plow
31:33 Wheelbarrow
33:44 Ballistics
34:46 Bow Saw
36:12 Hand Cart
35:43 Town Watch
36:58 Thumb Ring
37:07 Thumb Ring
41:18 Imperial Age
41:32 Padded Archer Armor
41:35 Husbandry
42:07 Bloodlines
42:05 Bracer
43:06 Chemistry
41:29 Capped Ram
42:45 Siege Ram
42:48 Heavy Cavalry Archer
44:20 Parthian Tactics
44:40 Leather Archer Armor
46:49 Coinage
Fs.Khan op
5:29 Loom
13:19 Feudal Age
17:21 Fletching
21:44 Wheelbarrow
23:13 Castle Age
23:29 Padded Archer Armor
23:33 Gold Mining
23:52 Bodkin Arrow
24:04 Crossbowman
31:21 Double-Bit Axe
36:52 Thumb Ring
37:03 Leather Archer Armor
38:54 Bow Saw
39:47 Horse Collar
40:53 Wheelbarrow
46:00 Imperial Age
43:57 Scale Barding Armor
44:43 Hand Cart
45:03 Chain Barding Armor
47:12 Forging
Connection lost

Rejoining the realm…

Still unreachable

The connection could not be restored.

Session expired

The server has moved on; the page needs a fresh start.